 Dungeon Crawl Stone Soup version 0.21-a0-352-g5b8f553 (console) character file.

11939 hexaflexagon the Severer (level 11, -5/97 HPs)
             Began as a Hill Orc Fighter on Oct 10, 2017.
             Was an Elder of Elyvilon.
             Slain by a fire elemental (11 damage)
             ... in a volcano.
             The game lasted 00:48:14 (13258 turns).

hexaflexagon the Severer (Hill Orc Fighter)        Turns: 13258, Time: 00:48:15

Health: -5/97      AC:  6    Str: 21    XL:     11   Next: 85%
Magic:  0/28       EV:  8    Int:  8    God:    Elyvilon [****..]
Gold:   374        SH:  9    Dex: 17    Spells: 10/10 levels left

rFire    . . .     SeeInvis .   a - +1 war axe
rCold    . . .     Gourm    .   c - +0 shield
rNeg     . . .     Faith    .   R - +3 leather armour of Koowot {Dex+5}
rPois    +         Spirit   +   (no helmet)
rElec    .         Reflect  .   O - scarf {repulsion}
rCorr    .         Harm     .   (no gloves)
MR       .....                  (no boots)
Stlth    +.........             H - amulet of guardian spirit
HPRegen  0.26/turn              p - ring of poison resistance
MPRegen  0.21/turn              m - ring of magical power

@: protection, drained, repel missiles
A: no striking features
a: Lesser Healing, Heal Other, Purification, Greater Healing, Divine Protection,
Renounce Religion


You were in a volcano.
You worshipped Elyvilon.
Elyvilon was greatly pleased with you.
You were not hungry.

You visited 2 branches of the dungeon, and saw 11 of its levels.
You also visited: Sewer, Ossuary and Volcano.

You collected 800 gold pieces.
You spent 426 gold pieces at shops.

Inventory:

Hand Weapons
 a - a +1 war axe (weapon)
 S - a +0 blowgun
 Y - a +0 battleaxe
Missiles
 q - 287 stones (quivered)
 T - 33 poisoned needles
Armour
 c - a +0 shield (worn)
 O - a scarf of repulsion (worn)
 R - the +3 leather armour of Koowot (worn) {Dex+5}
   (You found it on level 5 of the Dungeon)

   It affects your dexterity (+5).
Jewellery
 m - a ring of magical power (right hand)
 p - a ring of poison resistance (left hand)
 H - an amulet of guardian spirit (around neck)
Wands
 b - a wand of paralysis (0/24)
 y - a wand of digging (5/24)
 I - a wand of paralysis (5/24)
 Q - a wand of polymorph (4/24)
Scrolls
 e - 2 scrolls of fog
 h - a scroll of magic mapping
 j - a scroll of recharging
 k - 4 scrolls of teleportation
 s - 4 scrolls of enchant armour {unknown}
 w - 2 scrolls of identify
 A - a scroll of vulnerability {unknown}
 E - 3 scrolls of immolation {unknown}
 G - 2 scrolls of random uselessness {unknown}
 V - 2 scrolls of fear
 W - a scroll of summoning
 X - 2 scrolls of noise {unknown}
Potions
 d - 6 potions of might
 g - 2 potions of brilliance {unknown}
 o - 3 potions of flight {unknown}
 r - 13 potions of curing
 u - 6 potions of haste
 v - 3 potions of mutation {oss, unknown}
 D - 2 potions of agility {oss, unknown}
 F - a potion of lignification {unknown}
 J - 2 potions of cancellation {oss, unknown}
 K - a potion of degeneration {unknown}
 L - a potion of invisibility {oss, unknown}
 M - a potion of ambrosia {oss, unknown}
 N - 3 potions of heal wounds {oss}
 P - a potion of magic {unknown}
Comestibles
 f - 3 bread rations
 i - 13 royal jellies
 l - a chunk of flesh


   Skills:
 - Level 9.0(8.1) Fighting
 + Level 15.5(14.4) Axes
 - Level 3.3(2.5) Armour
 - Level 3.3(2.5) Shields
 + Level 11.2(10.2) Invocations
 - Level 8.0(7.0) Evocations


You had 10 spell levels left.
You didn't know any spells.

Dungeon Overview and Level Annotations

Branches:
Dungeon (10/15)            Temple (0/1) D:6            Lair (1/6) D:10
    Orc: D:9-12

Altars:
Cheibriados
Elyvilon
Fedhas
Kikubaaqudgha
Makhleb
Qazlal
Trog
Vehumet

Shops:
D:9 }}?=*

Annotations:
D:3 Sigmund
D:8 exclusion: obsidian statue
D:9 exclusion: downstairs
Lair:1 1 exclusion


Message History

The floor, spattered with blood.
The lava snake hisses angrily.
The air gets thick with the scent of sulphur.
The lava snake spits lava at you.
The glob of lava is repelled.
Press: ? - help, v - describe, . - travel
Here: a fire elemental The floor.
Okay, then.
Unknown command.
Evoke which item? (* to show all) (? for menu, Esc to quit)
Okay, then.
In the distance, the volcano erupts with a roar.
You are engulfed in blazing flames.
* * * LOW HITPOINT WARNING * * *
You beseech Elyvilon to protect your life.
You are engulfed in blazing flames.
* * * LOW HITPOINT WARNING * * *
The fire elemental hits you. The fire elemental burns you!
You die...

..≈≈≈§≈ ≈≈≈§≈≈≈§§§≈≈§§§§....#
..≈≈§§§§≈§§§§§§≈≈§§§§≈≈§.§...##
..≈§≈≈≈§§≈§§§S≈§§§§§≈≈......##
...≈≈≈≈§§§≈≈≈§§§§§≈§§......##
...≈≈≈≈§≈≈≈≈§§§§§§§......##
#...≈§≈≈≈≈§≈§§§§§§§§....##
##...≈≈≈≈§§≈§§§S§§§§...###
8.....§§§≈§§§§§.§§§§.###
§§§§.§§≈§§§§§§§E@§§###
8......≈§§§≈§§..####
###...÷.§E§..#### ####...§..##
########


You could see an earth elemental, a fire elemental and 2 lava snakes.

Vanquished Creatures
  3 two-headed ogres
  Pikel (D:7)
  A black mamba (Lair:1)
  A spiny frog (Lair:1)
  2 gargoyles
  A troll (D:9)
  3 hippogriffs
  3 wyverns
  6 fire bats (Volcano)
  9 yaks
  2 hungry ghosts
  A steam dragon (D:10)
  3 orc warriors
  2 ice beasts
  A sky beast (D:10)
  4 ogres
  5 centaurs
  2 phantoms
  4 big kobolds (Sewer)
  2 crocodiles
  9 bullfrogs
  A wyvern skeleton (D:10)
  A killer bee (Volcano)
  2 scorpions
  6 howler monkeys
  A lava snake (Volcano)
  6 crimson imps
  A bullfrog zombie (D:6)
  A centaur zombie (D:5)
  4 hounds
  5 jellies
  4 orc priests
  4 orc wizards
  2 iguanas
  6 worker ants
  9 mummies
  A worker ant zombie (D:6)
  A howler monkey zombie (D:10)
  A gnoll (D:3)
  17 adders
  A howler monkey skeleton (D:7)
  A river rat (Sewer)
  2 shadow imps
  9 oozes
  2 adder zombies
  An adder skeleton (D:7)
  11 worms
  2 dart slugs
  7 leopard geckos
  40 orcs
  3 bat zombies (D:6)
  6 giant cockroaches
  4 gnoll zombies (Ossuary)
  11 goblins
  4 hobgoblins
  4 jackals (D:9)
  4 quokkas
  A ball python (Sewer)
  9 bats
  4 frilled lizards
  A goblin zombie (D:5)
  A jackal skeleton (D:6)
  3 jackal zombies
  13 kobolds
  3 kobold zombies
  A leopard gecko zombie (D:6)
  2 orc zombies (Ossuary)
  A quokka zombie (D:10)
  12 rats
  2 rat zombies (D:6)
303 creatures vanquished.

Vanquished Creatures (others)
  A water moccasin (D:8)
  An orc warrior (D:8)
  4 slaves (D:7)
  An adder (D:7)
  2 orcs (D:7)
  2 fungi (Lair:1)
  2 plants (Lair:1)
13 creatures vanquished.

Grand Total: 316 creatures vanquished

Notes
Turn   | Place    | Note
-------+----------+-------------------------------------------
     0 | D:1      | hexaflexagon the Hill Orc Fighter began the quest for the Orb.
     0 | D:1      | Reached XP level 1. HP: 19/19 MP: 1/1
   190 | D:1      | Reached skill level 3 in Axes
   246 | D:1      | Reached XP level 2. HP: 27/27 MP: 2/2
   448 | D:1      | Reached skill level 4 in Axes
   586 | D:1      | Reached XP level 3. HP: 33/33 MP: 3/3
  1052 | D:2      | Reached skill level 5 in Axes
  1319 | D:2      | Found a blossoming altar of Fedhas.
  1595 | D:2      | Found a burning altar of Makhleb.
  1922 | D:3      | Reached XP level 4. HP: 27/40 MP: 4/4
  2393 | D:3      | Noticed Sigmund
  2508 | D:3      | Reached skill level 6 in Axes
  2792 | D:3      | Reached XP level 5. HP: 36/46 MP: 5/5
  3200 | D:4      | Reached skill level 7 in Axes
  3501 | D:5      | Entered Level 5 of the Dungeon
  3631 | D:5      | Reached skill level 1 in Evocations
  3648 | D:5      | Reached XP level 6. HP: 39/52 MP: 6/6
  3665 | D:5      | Found a sand-covered staircase.
  3755 | Ossuary  | Entered an ossuary
  3975 | Ossuary  | Reached skill level 8 in Axes
  4444 | D:5      | Found a white marble altar of Elyvilon.
  4487 | D:5      | Reached XP level 7. HP: 53/58 MP: 9/9
  4534 | D:5      | Became a worshipper of Elyvilon the Healer
  4560 | D:5      | Reached skill level 9 in Axes
  4560 | D:5      | Reached skill level 1 in Invocations
  4787 | D:5      | Reached * piety under Elyvilon
  4938 | D:5      | Got a pitted leather armour
  4949 | D:5      | Identified the +3 leather armour of Koowot {Dex+5} (You found it on level 5 of the Dungeon)
  5144 | D:6      | Found a glowing drain.
  5196 | Sewer    | Entered a sewer
  5399 | Sewer    | Reached XP level 8. HP: 51/66 MP: 10/10
  5634 | Sewer    | Reached skill level 10 in Axes
  5730 | Sewer    | Reached skill level 5 in Invocations
  6278 | D:6      | Reached ** piety under Elyvilon
  6380 | D:6      | Found an ancient bone altar of Kikubaaqudgha.
  6504 | D:6      | Found a staircase to the Ecumenical Temple.
  6582 | D:7      | Reached skill level 5 in Fighting
  6673 | D:7      | Reached XP level 9. HP: 37/74 MP: 12/14
  6883 | D:7      | Noticed Pikel
  6889 | D:7      | Killed Pikel
  6889 | D:7      | Reached skill level 11 in Axes
  7829 | D:7      | Found a radiant altar of Vehumet.
  8183 | D:8      | Found a stormy altar of Qazlal.
  8184 | D:8      | Found a snail-covered altar of Cheibriados.
  8249 | D:8      | Reached skill level 12 in Axes
  8249 | D:8      | Reached skill level 5 in Evocations
  8280 | D:8      | Reached XP level 10. HP: 88/88 MP: 16/16
  8367 | D:8      | Noticed a two-headed ogre
  8444 | D:8      | Reached *** piety under Elyvilon
  8778 | D:8      | Killed a two-headed ogre
  9191 | D:8      | Noticed an obsidian statue
  9289 | D:9      | Found a bloodstained altar of Trog.
  9408 | D:9      | Found Zuirphem's Gadget Shoppe.
  9430 | D:9      | Found Kafimodi's Gadget Shoppe.
  9454 | D:9      | Reached skill level 13 in Axes
  9582 | D:9      | Noticed a two-headed ogre
  9599 | D:9      | Killed a two-headed ogre
  9618 | D:9      | Found Fezosoiturgh's Assorted Antiques.
  9621 | D:9      | Bought an emerald potion for 18 gold pieces
  9621 | D:9      | Bought a fuming grey potion for 18 gold pieces
  9621 | D:9      | Bought 3 scrolls of identify for 126 gold pieces
  9621 | D:9      | Bought a scroll labeled KAQYAXO BIXKU for 21 gold pieces
  9621 | D:9      | Bought 3 scrolls labeled VIZXUE PEICW for 63 gold pieces
  9625 | D:9      | Found Ynielui's Jewellery Shoppe.
 10219 | D:9      | Found Goobap's Magic Scroll Shoppe.
 10224 | D:9      | Bought a scroll of fog for 24 gold pieces
 10224 | D:9      | Bought a scroll of fear for 42 gold pieces
 10224 | D:9      | Bought a scroll of summoning for 114 gold pieces
 10310 | D:10     | Entered Level 10 of the Dungeon
 10354 | D:10     | Noticed a gargoyle
 10446 | D:10     | Reached **** piety under Elyvilon
 10487 | D:10     | Reached XP level 11. HP: 95/97 MP: 17/17
 10555 | D:10     | Reached skill level 14 in Axes
 11074 | D:10     | Noticed a cyclops
 11210 | D:10     | Noticed a two-headed ogre
 11235 | D:10     | Killed a two-headed ogre
 12099 | D:10     | Found a staircase to the Lair.
 12438 | Lair:1   | Entered Level 1 of the Lair of Beasts
 12481 | Lair:1   | Reached skill level 10 in Invocations
 12566 | Lair:1   | Reached skill level 15 in Axes
 12642 | Lair:1   | Found a dark tunnel.
 12850 | Volcano  | Entered a volcano
 13258 | Volcano  | Slain by a fire elemental

Vault maps used:
D:1:      mrwooster_arrival_statue, eino_curves_04
D:2:      lemuel_round_altar, nicolae_overflow_crystal_walls, first_bread,
          minivault_14
D:3:      uniq_sigmund
D:5:      basic_altar, nicolae_ossuary_entry_giza
D:6:      lemuel_zombie_altar_kikubaaqudgha, minmay_temple_entry_poolview,
          cheibrodos_sewer_entry_drain, hangedman_abyss_or_decor_lesser_grid
D:7:      kennysheep_mini_moat, uniq_pikel
D:8:      minmay_separated_statues, grunt_temple_overflow_open
D:9:      serial_shops, nicolae_shop_crystal, shop, nicolae_shop_behind_doors,
          shop_fountains, kennysheep_little_box, hangedman_little_slice_of_home,
          trog_three_pillars_becter
D:10:     erik_lair_dragon
Lair:1:   statuecave_lemuel, lightli_volcano_entry_magma_tube,
          infiniplex_staircase_pool_2, uniq_harold
Sewer:    sewer_co_tree
Ossuary:  ossuary_tomb_3
Volcano:  volcano_grotto

Skill      XL: |  1  2  3  4  5  6  7  8  9 10 11 |
---------------+----------------------------------+-----
Axes           | 3 4 5 6 7 8 9 10 12 13 15 | 15.5
Evocations     | 1 3 5 7 8 |  8.0
Invocations    | 3 7 8 11 | 11.2
Fighting       | 5 7 9 |  9.0
Armour         | |  3.3
Shields        | |  3.3

Action                   |  1- 3 |  4- 6 |  7- 9 | 10-12 || total
-------------------------+-------+-------+-------+-------++-------
Melee: War axe           |   164 |   169 |   422 |   415 ||  1170
Throw: Stone             |       |       |     1 |       ||     1
Invok: Heal Other        |       |       |     2 |     1 ||     3
       Lesser Healing    |       |       |       |     3 ||     3
       Divine Protection |       |       |       |     1 ||     1
       Greater Healing   |       |       |       |     1 ||     1
Evoke: Wand              |       |    10 |    17 |    25 ||    52
  Use: Scroll            |       |     8 |     1 |     7 ||    16
 Stab: Paralysed         |       |     8 |    16 |    50 ||    74
       Sleeping          |       |       |     1 |     1 ||     2
       Distracted        |       |       |     1 |       ||     1
  Eat: Chunk             |     3 |     8 |    15 |    29 ||    55
Armor: Scale mail        |   101 |    52 |    12 |       ||   165
       Leather armour    |       |       |    97 |    72 ||   169
Dodge: Dodged            |    51 |    42 |    95 |    81 ||   269
       Deflected         |       |       |     6 |     4 ||    10
Block: Shield            |   102 |    68 |   161 |   132 ||   463

Table legend:
 A = Spawn XP
 B = Non-spawn XP
 C = Spawn XP percentage of total XP
 D = Spawn monster count
 E = Non-spawn monster count
 F = Spawn count percentage of total count
 G = Total turns spent on level
                    A         B        C        D         E        F      G
               +---------+---------+-------+---------+---------+-------+---------
         Total |       0 |   16850 |   0.0 |       0 |     303 |   0.0 | 13258
               +---------+---------+-------+---------+---------+-------+---------
           D:1 |       0 |      50 |   0.0 |       0 |      31 |   0.0 |   839
           D:2 |       0 |      29 |   0.0 |       0 |      13 |   0.0 |  1259
           D:3 |       0 |     100 |   0.0 |       0 |      17 |   0.0 |   915
           D:4 |       0 |      86 |   0.0 |       0 |       5 |   0.0 |   597
           D:5 |       0 |     478 |   0.0 |       0 |      28 |   0.0 |   827
           D:6 |       0 |     898 |   0.0 |       0 |      32 |   0.0 |  1210
           D:7 |       0 |    1879 |   0.0 |       0 |      23 |   0.0 |  1018
           D:8 |       0 |    2246 |   0.0 |       0 |      29 |   0.0 |  1248
           D:9 |       0 |    2425 |   0.0 |       0 |      31 |   0.0 |  1391
          D:10 |       0 |    3635 |   0.0 |       0 |      30 |   0.0 |  1789
        Lair:1 |       0 |    2583 |   0.0 |       0 |      11 |   0.0 |   412
         Sewer |       0 |     546 |   0.0 |       0 |      28 |   0.0 |   707
       Ossuary |       0 |     152 |   0.0 |       0 |      16 |   0.0 |   638
       Volcano |       0 |    1743 |   0.0 |       0 |       9 |   0.0 |   408
               +---------+---------+-------+---------+---------+-------+---------
